 Dungeon Crawl Stone Soup version 0.30-a0-989-g0d87f670db (webtiles) character file.

Game seed: 4389577006576166116

9 Maxmaps the Shield-Bearer (level 2, 25/25 HPs)
             Began as a Formicid Fighter on Apr 3, 2023.
             Quit the game on level 1 of the Dungeon.
             The game lasted 00:00:55 (262 turns).

Maxmaps the Shield-Bearer (Formicid Fighter)         Turns: 262, Time: 00:00:56

Health: 25/25      AC:  6    Str: 20    XL:     2   Next: 20%
Magic:  2/2        EV:  6    Int:  7    God:
Gold:   53         SH: 13    Dex: 13    Spells: 1/1 levels left

rFire   . . .      SeeInvis +    a - +0 long sword
rCold   . . .      Faith    .    f - +0 tower shield
rNeg    . . .      Spirit   .    b - +0 scale mail
rPois   .          Reflect  .    (helmet unavailable)
rElec   .          Rampage  .    (no cloak)
rCorr   .                        (no gloves)
Will    .....                    (no boots) Stlth
                                 (no amulet)
HPRegen 0.24/turn                (no ring)
MPRegen 0.08/turn                (no ring)

@: no status effects
A: permanent stasis, dig shafts and tunnels, antennae 3, four strong arms
a: Dig, Shaft Self


You were on level 1 of the Dungeon.
You visited 1 branch of the dungeon, and saw 1 of its levels.

You collected 53 gold pieces.

Inventory:

Hand Weapons
 a - a +0 long sword (weapon)
Armour
 b - a +0 scale mail (worn)
 c - a +0 buckler
 f - a +0 tower shield (worn)
Scrolls
 e - a scroll of enchant weapon {unknown}
 g - a scroll of noise {unknown}
 h - a scroll of teleportation {unknown}
Potions
 d - a potion of might


   Skills:
 + Level 4.0 Fighting
 - Level 2.0 Long Blades
 - Level 3.2 Armour
 - Level 4.0 Shields


You had one spell level left.
You didn't know any spells.
Your spell library contained the following spells:

 Spells                   Type           Power      Damage    Failure   Level
 Kiss of Death            Conj/Necr      0%         2d5       100%        1
 Confusing Touch          Hex            0%         N/A       100%        3
 Dispel Undead            Necr           0%         3d6       100%        4


Dungeon Overview and Level Annotations

Branches:
Dungeon (1/15)

Altars:


Innate Abilities, Weirdness & Mutations

You cannot be hasted, slowed, berserked, paralysed or teleported.
You can dig through walls and to a lower floor.
You have a pair of large antennae on your head. (SInv)
Your four strong arms can wield two-handed weapons with a shield.


Message History

No target in view!
Found a stone staircase leading down.
No target in view!
You now have 43 gold pieces (gained 17).
You sense a monster nearby.
No target in view!
A dart slug comes into view.
The dart slug bites you but does no damage.
A dart slug is nearby!
A dart slug is nearby!
You slash the dart slug!
The dart slug is almost dead.
You block the dart slug's attack.
You hit the dart slug.
You kill the dart slug!
You have reached level 2!
You open the door.
There is an open door here.
You open the door.
There is an open door here.
You sense a monster nearby.
You sense a monster nearby.
You now have 53 gold pieces (gained 10).
A dart slug comes into view.
You slash the dart slug!
The dart slug is severely wounded.
You block the dart slug's attack.
You slash the dart slug!
You kill the dart slug!
Your Fighting skill increases to level 4!
No target in view!
No target in view!
No target in view!
No target in view!
No target in view!
No target in view!
No target in view!
No target in view!
No target in view!
Are you sure you want to abandon this character and quit the game? (Confirm with "yes".)

..# ### #.# #..
{ #.# #.# #.#
#.# #.#####.##
#.#......#
##.......######
#.@...........#
#.##.##.#####.#
... #.#### #'#
#### #.# ##.#
#.# ##..# #.#
##...# #.#
##....## ..#
##......####
###
#..)..<.....


There were no monsters in sight!

Vanquished Creatures
  2 dart slugs (D:1)
  A bat (D:1)
  2 kobolds (D:1)
  A rat (D:1)
6 creatures vanquished.

Notes
Turn   | Place    | Note
-------+----------+-------------------------------------------
     0 | D:1      | Maxmaps the Formicid Fighter began the quest for the Orb.
     0 | D:1      | Reached XP level 1. HP: 18/18 MP: 1/1
   220 | D:1      | Reached XP level 2. HP: 25/25 MP: 2/2
   262 | D:1      | Quit the game

Illustrated notes

Levels and vault maps discovered:
D:1:      mrwooster_arrival_arrow, layout_loops_ring, serial_bayou_pond_e

Skill      XL: |  1  2 |
---------------+-------+-----
Fighting       | 4 |  4.0
Long Blades    | |  2.0
Armour         | |  3.2
Shields        | |  4.0

Action                     || total
---------------------------++-------
  Melee: Long sword        ||    22
 Armour: Scale mail        ||     9
  Dodge: Dodged            ||    16
  Block: Buckler           ||     9
         Tower shield      ||     4

Table legend: (Time is in decaauts)
 A = Elapsed time spent in this place.
 B = Non-inter-level travel time spent in this place.
 C = Inter-level travel time spent in this place.
 D = Time resting spent in this place.
 E = Time spent auto-exploring this place.
 F = Levels seen in this place.
 G = Mean time per level.
                   A        B        C        D        E       F      G
               +--------+--------+--------+--------+--------+-----+--------+
         Total |    271 |    271 |      0 |      0 |    184 |   1 |  271.0 |
       Dungeon |    271 |    271 |      0 |      0 |    184 |   1 |  271.0 |
               +--------+--------+--------+--------+--------+-----+--------+

Top non-repeatable levels by time:
     D:1: 271 daAuts
